 Dungeon Crawl Stone Soup version 0.30-a0-715-gdb4ae3ece1 (webtiles) character file.

Game seed: 4575767928815074294

1927 sokol815 the Slasher (level 8, -9/50 (55) HPs)
             Began as a Demigod Fighter on Jan 24, 2023.
             Mangled by an orc warrior
             ... wielding a +1 scimitar of protection
              (10 damage)
             ... on level 6 of the Dungeon.
             The game lasted 00:15:17 (7687 turns).

sokol815 the Slasher (Demigod Fighter)              Turns: 7687, Time: 00:15:18

HP:   -9/50 (55)    AC:  8    Str: 15    XL:     8   Next: 64%
MP:   10/10         EV:  8    Int: 13    God:
Gold: 320           SH:  6    Dex: 24    Spells: 7/7 levels left

rFire   . . .      SeeInvis .    a - +3 long sword
rCold   + . .      Faith    .    w - +0 buckler
rNeg    . . .      Spirit   .    b - +0 scale mail
rPois   .          Reflect  .    k - +0 helmet
rElec   .          Harm     .    u - scarf {+Inv}
rCorr   .          Rampage  .    j - +0 pair of gloves
Will    .....                    (no boots)
Stlth   +                        (no amulet)
HPRegen 0.28/turn                c - ring of ice {rC+, rF-}
MPRegen 0.12/turn                (no ring)

@: very slightly contaminated, drained, invisible
A: high MP 1, forlorn, divine attributes, agile 1, clever 1, fire resistance 1,
frail 1
a: Evoke Invisibility


You were on level 6 of the Dungeon.
You visited 1 branch of the dungeon, and saw 7 of its levels.

You collected 320 gold pieces.

Inventory:

Hand Weapons
 a - a +3 long sword (weapon)
 h - a +2 dagger of freezing
   (You took it off Dowan on level 6 of the Dungeon)
 x - a +0 short sword
   (You took it off a kobold on level 1 of the Dungeon)
 z - a +0 trident of flaming
   (You took it off an orc on level 5 of the Dungeon)
Missiles
 q - 7 poisoned darts
 s - 38 stones
Armour
 b - a +0 scale mail (worn)
 i - a +2 robe of fire resistance
   (You took it off Dowan on level 6 of the Dungeon)
 j - a +0 pair of gloves (worn)
   (You found it on level 2 of the Dungeon)
 k - a +0 helmet (worn)
   (You found it on level 3 of the Dungeon)
 m - the +1 robe of Subjectivity {rPois rN+ Str-2}
   (You found it on level 3 of the Dungeon)

   Str:       It affects your strength (-2).
   rPois:     It protects you from poison.
   rN:        It protects you from negative energy.
 p - a +0 cloak
   (You found it on level 2 of the Dungeon)
 u - a scarf of invisibility (worn)
   (You found it on level 3 of the Dungeon)
 w - a +0 buckler (worn)
 A - the +0 scale mail of Complete Protection {rC+ rN+ Dex+2 Slay-5}
   (You found it on level 6 of the Dungeon)

   Dex:       It affects your dexterity (+2).
   Slay:      It affects your accuracy & damage with ranged weapons and melee
   (-5).
   rC:        It protects you from cold.
   rN:        It protects you from negative energy.
Magical Staves
 e - a staff of fire {rF+}
   (You found it on level 3 of the Dungeon)
Jewellery
 c - a ring of ice (left hand) {rC+, rF-}
   (You found it on level 4 of the Dungeon)
Wands
 d - a wand of digging (9)
   (You found it on level 5 of the Dungeon)
Scrolls
 g - a scroll of teleportation {unknown}
 l - a scroll of magic mapping {unknown}
 n - a scroll of immolation {unknown}
 r - 3 scrolls of fog
 t - a scroll of brand weapon {unknown}
 C - 3 scrolls of blinking {unknown}
 E - a scroll of fear
 V - a scroll of vulnerability {!r!r}
Potions
 f - a potion of attraction {unknown}
 o - a potion of lignification {unknown}
 v - a potion of berserk rage {unknown}
 B - a potion of brilliance
 J - a potion of curing {@q1}
 L - 2 potions of flight
 N - a potion of heal wounds {@q2}
 R - 2 potions of resistance
 U - a potion of mutation {!q}


   Skills:
 - Level 2.6 Fighting
 + Level 7.6 Long Blades
 - Level 2.6 Armour
 - Level 2.6 Shields
 * Level 7.6 Evocations


You had 7 spell levels left.
You didn't know any spells.
Your spell library contained the following spells:

 Spells                   Type           Power      Damage    Failure   Level
 Hailstorm                Conj/Ice       0%         3d3       99%         3
 Ignite Poison            Fire/Tmut/Pois 0%         N/A       99%         3
 Kindle Blastsparks       Fire/Tloc/Air  0%         2d10      99%         3
 Ice Form                 Ice/Tmut       0%         N/A       100%        4
 Freezing Cloud           Conj/Ice/Air   0%         6-21      100%        5
 Conjure Ball Lightning   Conj/Air       0%         3x3d6     100%        6
 Simulacrum               Ice/Necr       0%         N/A       100%        6
 Discord                  Hex            0%         N/A       100%        8
 Disjunction              Tloc           0%         N/A       100%        8


Dungeon Overview and Level Annotations

Branches:
Dungeon (7/15) Zot: 26032  Temple (0/1) D:6

Shops:
D:5 (   D:6 [


Innate Abilities, Weirdness & Mutations

You have an increased reservoir of magic. (+10% MP)
You shall have no god before yourself.
Your divine heritage dramatically boosts your attributes as you level up.
You are agile. (Dex +4, Str/Int -1)
Your mind is acute. (Int +4, Str/Dex -1)
Your flesh is heat resistant. (rF+)
You are frail. (-10% HP)


Message History

You closely miss the orc. You block the orc's attack.
The orc hits you but does no damage. The orc barely misses you.
The orc hits you but does no damage.
You hit the orc. You block the orc's attack. The orc hits you with a +0 flail.
You take 6 damage, and have 34/55 hp.
You closely miss the orc. You block the orc's attack.
The orc hits you but does no damage.
You slash the orc!
You kill the orc!
The orc barely misses you.
You closely miss the orc. You block the orc's attack.
You hit the orc. The orc hits you with a +0 short sword.
You take 1 damage, and have 34/55 hp.
You slash the orc!
You kill the orc!
There is a stone staircase leading down, spattered with blood here.
Things that are here:
a +0 short sword; an orc corpse
Things that are here:
a +0 flail; a +0 ring mail; an orc corpse You start resting.
Health restored: 55
There is a stone staircase leading down, spattered with blood here.
Things that are here:
a +0 short sword; an orc corpse You climb downwards.
There is a stone staircase leading up, spattered with blood here.
Found a stone staircase leading down.
There is a stone staircase leading down here.
There is a stone staircase leading down here.
Found a stone staircase leading down.
y - a scroll of enchant weapon
As you read the scroll of enchant weapon, it crumbles to dust.
Your +2 long sword glows red for a moment.
R - 2 potions of resistance (gained 1)
An orc warrior and an orc wizard come into view.
The orc warrior is wielding a +1 scimitar of protection.
The orc wizard shouts!
An orc comes into view. It is wielding a +0 whip.
Here: an orc warrior, wielding a +1 scimitar of protection and wearing a +0 plate armour The floor.
Unknown command.
Okay, then.
The orc wizard gestures wildly while chanting.
The orc wizard flickers and vanishes!
Deactivating autopickup; reactivate with Ctrl-A.
A puff of flame appears from out of thin air!
The puff of flame hits you!
You take 12 damage, and have 43/55 hp.
MASSIVE DAMAGE!!
There is a stone staircase leading up, spattered with blood here.
You block the orc warrior's attack.
You climb upwards.
Reactivating autopickup.
There is a stone staircase leading down, spattered with blood here.
Things that are here:
a +0 short sword; an orc corpse You feel drained.
You fade into invisibility!
You are very lightly contaminated with residual magic.
You block the orc warrior's attack.
Things that are here:
a +0 robe; a +0 dagger You hit the orc warrior but do no damage.
You block the orc warrior's attack.
You catch the helpless orc warrior completely off-guard!
You hit the orc warrior but do no damage.
You block the orc warrior's attack.
You slash the orc warrior!
The orc warrior hits you with a +1 scimitar of protection!
You take 8 damage, and have 41/50 hp.
You catch the helpless orc warrior completely off-guard!
You hit the orc warrior but do no damage.
The orc warrior hits you with a +1 scimitar of protection!!
You take 18 damage, and have 23/50 hp.
MASSIVE DAMAGE!!
You catch the helpless orc warrior completely off-guard!
You hit the orc warrior but do no damage.
The orc warrior barely misses you. You block the orc warrior's attack.
You hit the orc warrior but do no damage.
The orc warrior hits you with a +1 scimitar of protection!
* * * LOW HITPOINT WARNING * * *
You take 8 damage, and have 15/50 hp.
You hit the orc warrior. You block the orc warrior's attack.
You strike the helpless orc warrior from behind!
You hit the orc warrior but do no damage.
You block the orc warrior's attack.
You hit the orc warrior but do no damage.
The orc warrior hits you with a +1 scimitar of protection.
* * * LOW HITPOINT WARNING * * *
You take 5 damage, and have 10/50 hp.
You catch the helpless orc warrior completely off-guard!
You hit the orc warrior.
The orc warrior hits you with a +1 scimitar of protection!
* * * LOW HITPOINT WARNING * * *
You take 9 damage, and have 1/50 hp.
You catch the helpless orc warrior completely off-guard!
You hit the orc warrior.
The orc warrior hits you with a +1 scimitar of protection!
You die...

#............####.##
#.# ##...........##
##.## ##.#
#......[.<..## ##.###
#..# ....#########
##..###..# ##.##
##..##..### ###
#........###
##..#####...
##########...# ####
#..o@>.......# #
##...).[.....##
#............#
#...........<##
##...........[### #
##########.....######
##..........
#...)......
##..........


You could see an orc warrior (unable to see you).

Vanquished Creatures
  Duvessa (D:6)
  A water moccasin (D:5)
  4 ice beasts (D:6)
  A bullfrog (D:6)
  A necrophage (D:4)
  2 scorpions (D:6)
  Dowan (D:6)
  6 killer bees
  2 howler monkeys (D:4)
  2 jellies (D:5)
  2 orc priests
  2 hounds
  Terence (D:3)
  Natasha (twice) (D:2)
  4 iguanas
  3 orc wizards
  10 gnolls
  9 adders
  3 white imps
  A worm (D:2)
  2 dart slugs
  15 orcs
  10 endoplasms
  A giant cockroach (D:1)
  11 goblins
  12 hobgoblins
  8 jackals
  4 quokkas
  8 ball pythons
  3 bats
  4 frilled lizards
  2 kobolds
  11 rats
149 creatures vanquished.

Vanquished Creatures (others)
  21 plants
21 creatures vanquished.

Grand Total: 170 creatures vanquished

Notes
Turn   | Place    | Note
-------+----------+-------------------------------------------
     0 | D:1      | sokol815 the Demigod Fighter began the quest for the Orb.
     0 | D:1      | Reached XP level 1. HP: 18/18 MP: 3/3
    39 | D:1      | Reached skill level 2 in Long Blades
    49 | D:1      | HP: 4/18 [poisoned by a goblin]
   184 | D:1      | Reached XP level 2. HP: 21/25 MP: 4/4
   589 | D:1      | Reached skill level 3 in Long Blades
   807 | D:1      | Reached XP level 3. HP: 30/30 MP: 5/5
  1190 | D:2      | Noticed Natasha
  1271 | D:3      | Noticed Terence
  1284 | D:3      | Killed Terence
  1285 | D:3      | Reached skill level 4 in Long Blades
  1285 | D:3      | Reached XP level 4. HP: 36/37 MP: 6/6
  1308 | D:3      | Identified the +1 robe of Subjectivity {rPois rN+ Str-2}
  2121 | D:2      | Killed Natasha
  2128 | D:2      | Noticed Natasha
  2136 | D:2      | Killed Natasha
  2137 | D:2      | Reached skill level 5 in Long Blades
  2137 | D:2      | Reached XP level 5. HP: 41/42 MP: 7/7
  3208 | D:4      | Reached skill level 1 in Evocations
  3423 | D:4      | Reached skill level 2 in Evocations
  3455 | D:4      | Reached XP level 6. HP: 50/50 MP: 8/8
  3837 | D:4      | Reached skill level 3 in Evocations
  4240 | D:5      | Entered Level 5 of the Dungeon
  4279 | D:5      | Found Vesip's Weapon Shop.
  4495 | D:5      | Reached skill level 6 in Long Blades
  4656 | D:5      | Reached XP level 7. HP: 49/56 MP: 9/9
  4731 | D:5      | HP: 13/56 [orc priest/+0 hand axe (4)]
  4735 | D:5      | Reached skill level 4 in Evocations
  5236 | D:6      | Noticed Duvessa
  5286 | D:6      | Noticed Dowan
  5364 | D:5      | HP: 14/56 [adder (3)]
  5369 | D:5      | HP: 9/56 [poisoned by an adder]
  5819 | D:6      | Reached skill level 5 in Evocations
  5901 | D:6      | Identified the +0 scale mail of Complete Protection {rC+
                  | rN+ Dex+2 Slay-5}
  6159 | D:6      | Killed Duvessa
  6160 | D:6      | Reached skill level 6 in Evocations
  6160 | D:6      | Reached XP level 8. HP: 41/62 MP: 10/10
  6164 | D:6      | Killed Dowan
  6165 | D:6      | Reached skill level 7 in Long Blades
  6627 | D:6      | Found Gefad's Antique Armour Emporium.
  6656 | D:6      | Found a staircase to the Ecumenical Temple.
  7068 | D:6      | Gained mutation: You are frail. (-10% HP) [potion of
                  | mutation]
  7068 | D:6      | Gained mutation: You have sharp toenails. [potion of
                  | mutation]
  7068 | D:6      | Gained mutation: Your flesh is cold resistant. (rC+)
                  | [potion of mutation]
  7069 | D:6      | Lost mutation: You have sharp toenails. [potion of
                  | mutation]
  7069 | D:6      | Lost mutation: Your flesh is cold resistant. (rC+) [potion
                  | of mutation]
  7069 | D:6      | Gained mutation: Your flesh is heat resistant. (rF+)
                  | [potion of mutation]
  7069 | D:6      | Gained mutation: Your mind is acute. (Int +4, Str/Dex -1)
                  | [potion of mutation]
  7069 | D:6      | Gained mutation: You are agile. (Dex +4, Str/Int -1)
                  | [potion of mutation]
  7096 | D:6      | HP: 12/54 [killer bee (5)]
  7099 | D:6      | HP: 5/54 [poisoned by a killer bee]
  7100 | D:6      | Reached skill level 7 in Evocations
  7388 | D:6      | HP: 13/55 [poisoned by a killer bee]
  7685 | D:6      | HP: 10/50 [orc warrior/+1 scimitar of protection (5)]
  7686 | D:6      | HP: 1/50 [orc warrior/+1 scimitar of protection (10)]
  7687 | D:6      | Mangled by an orc warrior

Illustrated notes

Levels and vault maps discovered:
D:1:      dpeg_arrival_rooms_a, layout_basic, kennysheep_nondescript,
          minmay_surrounded
D:2:      layout_basic, nicolae_concentric_dashed_squares_wild, uniq_natasha
D:3:      layout_basic, serial_bayou, serial_bayou_crossing,
          serial_bayou_pond_d, serial_bayou_lagoon_a, serial_bayou_shore_b,
          serial_bayou_lake_a, serial_bayou_pond_e, uniq_terence
D:4:      layout_loops_ring, serial_forest, infiniplex_forest_side_room,
          infiniplex_forest_fountain, infiniplex_forest_straight_5,
          infiniplex_forest_lined_1, infiniplex_forest_straight_3,
          infiniplex_forest_lined_corner, infiniplex_forest_clump_tiny,
          infiniplex_forest_clump_curved, infiniplex_forest_clump_tiny,
          infiniplex_forest_end_1
D:5:      layout_basic, serial_shops, shop
D:6:      layout_layer_cave, minmay_temple_entry_fiery, serial_shops, shop,
          uniq_duvessa
D:7:      layout_rooms

Skill      XL: |  1  2  3  4  5  6  7  8 |
---------------+-------------------------+-----
Long Blades    | 2 3 4 5 6 7 |  7.6
Evocations     | 2 3 6 7 |  7.6
Fighting       | |  2.6
Armour         | |  2.6
Shields        | |  2.6

Action                     |  1- 3 |  4- 6 |  7- 9 || total
---------------------------+-------+-------+-------++-------
  Melee: Long sword        |   102 |   254 |   177 ||   533
  Throw: Stone             |    10 |     1 |       ||    11
         Dart              |       |     2 |       ||     2
Ability: Evoke Invisibilit |       |       |     2 ||     2
  Evoke: Wand              |       |       |    10 ||    10
    Use: Potion            |     1 |       |     7 ||     8
         Scroll            |       |     5 |     8 ||    13
   Stab: Invisible         |       |       |    11 ||    11
 Armour: Scale mail        |    51 |   128 |   102 ||   281
  Dodge: Dodged            |    45 |   104 |    88 ||   237
  Block: Buckler           |    34 |    51 |    61 ||   146

Table legend: (Time is in decaauts)
 A = Elapsed time spent in this place.
 B = Non-inter-level travel time spent in this place.
 C = Inter-level travel time spent in this place.
 D = Time resting spent in this place.
 E = Time spent auto-exploring this place.
 F = Levels seen in this place.
 G = Mean time per level.
                   A        B        C        D        E       F      G
               +--------+--------+--------+--------+--------+-----+--------+
         Total |   7816 |   7461 |    355 |   1377 |   4597 |   7 | 1116.6 |
       Dungeon |   7816 |   7461 |    355 |   1377 |   4597 |   7 | 1116.6 |
               +--------+--------+--------+--------+--------+-----+--------+

Top non-repeatable levels by time:
     D:6: 1781 daAuts
     D:5: 1529 daAuts
     D:3: 1214 daAuts
     D:4: 1078 daAuts
     D:2: 1042 daAuts
     D:1: 1038 daAuts
     D:7: 132 daAuts

Table legend:
 A = Kills in this place as a percentage of kills in entire the game.
 B = Kills by you in this place as a percentage of kills by you in the entire game.
 C = Kills by friends in this place as a percentage of kills by friends in the entire game.
 D = Other kills in this place as a percentage of other kills in the entire game.
 E = Experience gained in this place as a percentage of experience gained in the entire game.
 F = Experience gained in this place divided by the number of levels of this place that you have seen.
                   A       B       C       D       E      F
               +-------+-------+-------+-------+-------+----------------------
         Total | 100.0 | 100.0 |   N/A |   N/A | 100.0 | 393.3
       Dungeon | 100.0 | 100.0 |   N/A |   N/A | 100.0 | 393.3
               +-------+-------+-------+-------+-------+----------------------
